 Dungeon Crawl Stone Soup version 0.30.1-4-g462c640d31 (webtiles) character file.

Game seed: 5132097493687854056

3 FishyPogo the Conjurer (level 1, -1/10 HPs)
             Began as a Deep Elf Conjurer on Aug 13, 2023.
             Slain by a jackal (3 damage)
             ... on level 1 of the Dungeon.
             The game lasted 00:01:56 (145 turns).

FishyPogo the Conjurer (Deep Elf Conjurer)           Turns: 145, Time: 00:01:57

Health: -1/10      AC:  2    Str:  4    XL:     1   Next: 41%
Magic:  4/6        EV: 12    Int: 22    God:
Gold:   0          SH:  0    Dex: 13    Spells: 5/6 levels left

rFire   . . .        (no weapon)
rCold   . . .        (no shield)
rNeg    . . .        a - +0 robe
rPois   .            (no helmet)
rElec   .            (no cloak)
rCorr   .            (no gloves)
SInv    .            (no boots)
Will    .....        (no amulet)
Stlth   ++           (no ring)
HPRegen 0.21/turn    (no ring)
MPRegen 0.10/turn

%: no passive effects
@: weak-willed
A: no striking features
a: no special abilities


You were on level 1 of the Dungeon.
You visited 1 branch of the dungeon, and saw 1 of its levels.

Inventory:

Armour
 a - a +0 robe (worn)


   Skills:
 * Level 2.5 Dodging
 + Level 2.5 Stealth
 * Level 3.1 Spellcasting
 + Level 4.4 Conjurations


You had 5 spell levels left.
You knew the following spells:

 Your Spells              Type           Power      Damage    Failure   Level
a - Magic Dart            Conj           88%        1d7       1%          1

Your spell library contained the following spells:

 Spells                   Type           Power      Damage    Failure   Level
 Searing Ray              Conj           44%        2d6       3%          2
 Dazzling Flash           Conj/Hex       26%        N/A       14%         3
 Fulminant Prism          Conj/Hex       6%         3d6       43%         4
 Iskenderun's Mystic Bla  Conj/Tloc      13%        2d5       43%         4


Dungeon Overview and Level Annotations

Branches:
Dungeon (1/15)

Altars:


Message History

The hobgoblin attacks as you move away!
The hobgoblin hits you but does no damage.
There is an open door here.
Okay, then.
As you read the scroll labelled YLIAR RIZEOGAI, it crumbles to dust.
Magic quickly surges around you.
It was a scroll of vulnerability.
The jackal closely misses you. Magic courses through your body.
The jackal closely misses you. The jackal bites you.
* * * LOW HITPOINT WARNING * * *
Casting: Magic Dart (safe; 1% risk of failure)
Confirm with . or Enter, or press ? or * to list all spells.
Aiming: Magic Dart (safe; 1% risk of failure)
Press: ? - help, Shift-Dir - straight line, f/p - dart slug
Aim: a dart slug (almost dead, weak-willed, 100% to hit)
The magic dart hits the jackal but does no damage.
The jackal barely misses you.
Unknown command.
The jackal bites you but does no damage.
The jackal closely misses you. The jackal attacks as you move away!
The jackal closely misses you. The jackal attacks as you move away!
The jackal bites you but does no damage.
Casting: Magic Dart (safe; 1% risk of failure)
Confirm with . or Enter, or press ? or * to list all spells.
Aiming: Magic Dart (safe; 1% risk of failure)
Press: ? - help, Shift-Dir - straight line, f/p - dart slug
Aim: a dart slug (almost dead, weak-willed, 100% to hit)
The magic dart hits the jackal.
The jackal is heavily wounded.
Unknown command.
Casting: Magic Dart (safe; 1% risk of failure)
Confirm with . or Enter, or press ? or * to list all spells.
Aiming: Magic Dart (safe; 1% risk of failure)
Press: ? - help, Shift-Dir - straight line, f/p - dart slug
Aim: a dart slug (almost dead, weak-willed, 100% to hit)
The magic dart hits the jackal.
The jackal is heavily wounded.
The jackal bites you.
You die...

#.# #....:.#.# ......
#.# #.......##.....# #.#
##..............
#.#######...#h##........
.............g.'g.......
..######....#g##w.......
### #.#....##h.......
#....####h#.....# ##.#.#
#@##...##
#.#.......##+##
#.#####...# .# #...# .#
..... ....... .......
#.#...#..


You could see a dart slug (weak-willed), 2 jackals and a goblin (weak-willed).

Vanquished Creatures
  2 bats (D:1)
  A ball python (D:1)
3 creatures vanquished.

Notes
Turn   | Place    | Note
-------+----------+-------------------------------------------
     0 | D:1      | FishyPogo the Deep Elf Conjurer began the quest for the
                  | Orb.
     0 | D:1      | Reached XP level 1. HP: 10/10 MP: 6/6
   145 | D:1      | Slain by a jackal

Illustrated notes

Levels and vault maps discovered:
D:1:      lemuel_arrival_hallway, layout_loops_corners, minmay_bisected

Action                     || total
---------------------------++-------
  Melee: Unarmed           ||     3
   Cast: Magic Dart        ||    16
    Use: Scroll            ||     1
         Potion            ||     1
 Armour: Robe              ||     4
  Dodge: Dodged            ||    13
